 Dungeon Crawl Stone Soup version 0.27.1-1-g398f81649c (webtiles) character file.

Game seed: 1871143944896143762

1864 nxtlvl the Grappler (level 8, -18/74 HPs)
             Began as a Troll Abyssal Knight on Sept 6, 2021.
             Was a Believer of Lugonu.
             Demolished by a two-headed ogre (36 damage)
             ... on level 8 of the Dungeon.
             The game lasted 00:04:58 (680 turns).

nxtlvl the Grappler (Troll Abyssal Knight)           Turns: 680, Time: 00:04:59

Health: -18/74     AC:  5    Str: 21    XL:     8   Next: 90%
Magic:  8/8        EV: 10    Int: 10    God:    Lugonu [**....]
Gold:   59         SH:  0    Dex: 13    Spells: 7/7 levels left

rFire    . . .     SeeInvis .     - Unarmed
rCold    . . .     Faith    .   (no shield)
rNeg     . . .     Spirit   .   a - +1 robe of the Mantidfly {Rampage Dex+4}
rPois    .         Reflect  .   (helmet restricted)
rElec    .         Harm     .   (no cloak)
rCorr    .         Rampage  +   (gloves unavailable)
Will     .....                  (boots unavailable)
Stlth    +.........             (no amulet)
HPRegen  1.22/turn              (no ring)
MPRegen  0.11/turn              (no ring)

@: no status effects
A: large, unfitting armour, claws 3, regeneration 1, shaggy fur 1, tough skin 1
a: Renounce Religion, Depart the Abyss, Bend Space


You were on level 8 of the Dungeon.
You worshipped Lugonu.
Lugonu was pleased with you.
You visited 1 branch of the dungeon, and saw 9 of its levels.
You visited the Abyss 1 time.

You collected 59 gold pieces.

Inventory:

Missiles
 i - 3 curare-tipped darts (quivered)
Armour
 a - the +1 robe of the Mantidfly (worn) {Rampage Dex+4}
   (You found it on level 7 of the Dungeon)

   Dex:       It affects your dexterity (+4).
   Rampage:   It bestows one free step when moving towards enemies.
Wands
 d - a wand of flame (18)
 f - a wand of digging (6)
Scrolls
 b - a scroll of acquirement {unknown}
 c - a scroll of identify {unknown}
 g - a scroll of enchant armour {unknown}
Potions
 e - a potion of curing {unknown}
 h - a potion of berserk rage {unknown}


   Skills:
 - Level 2.4 Fighting
 - Level 1.9 Dodging
 * Level 11.5 Unarmed Combat
 - Level 1.5 Invocations


You had 7 spell levels left.
You didn't know any spells.
Your spell library was empty.

Dungeon Overview and Level Annotations

Branches:
Dungeon (9/15)
 Temple: D:4-7         Lair: D:8-11         Orc: D:9-12

Altars:
Nemelex Xobeh


Innate Abilities, Weirdness & Mutations

You are too large for most types of armour.
You have claws for hands.
Your natural rate of healing is unusually fast.
You are covered in fur. (AC +1)
You have tough skin. (AC +1)


Message History

The yak is severely wounded.
The yak gores you!
* * * LOW HITPOINT WARNING * * *
You mangle the yak!!
You kill the yak!
Lugonu accepts your kill.
Your Unarmed Combat skill increases to level 11!
You claw the yak!
The yak is severely wounded.
The yak gores you.
* * * LOW HITPOINT WARNING * * *
You barely miss the yak.
The yak is severely wounded.
You claw the yak!
You kill the yak!
Lugonu accepts your kill.
A two-headed ogre comes into view.
It is wielding a +0 giant spiked club and a +0 giant club.
The two-headed ogre shouts in stereo!
You hear a shout!
Items here: ††††.
Throw: 4 darts (curare)
Press: ? - help, Q - select action, (/) - cycle Shift-Dir - straight line, f - two-headed ogre
Aim: a two-headed ogre, wielding a +0 giant spiked club and a +0 giant club (73% to hit)
You throw a curare-tipped dart.
The curare-tipped dart hits the two-headed ogre.
The two-headed ogre is poisoned.
The two-headed ogre convulses.
The two-headed ogre seems to slow down.
The two-headed ogre is lightly wounded.
You scratch the two-headed ogre but do no damage.
The two-headed ogre is lightly wounded.
The two-headed ogre hits you with a +0 giant spiked club!
The two-headed ogre hits you with a +0 giant club!!
* * * LOW HITPOINT WARNING * * *
You claw the two-headed ogre!
The two-headed ogre is moderately wounded.
You claw the two-headed ogre! x2
The two-headed ogre is almost dead.
You scratch the two-headed ogre.
The two-headed ogre is almost dead.
The two-headed ogre hits you with a +0 giant spiked club!!!
You die...

.#...#.#.#######.#...####
.......... .......>.....#
#.......#######.#..# #.
#........#.........###.#.
###.#..#†#.####.#...##...
.......Y#(#......#........
.###...Y#.#########...#...
...<..#O#...............
#####.##@#.########†.##..
.. #.#.# ##..#§. .Y #.#.#
#..#.. ... #...# #....§
##### #....# ##...# #...#
##..# #..>.


You could see a two-headed ogre (very poisoned, slow).

Vanquished Creatures
  6 yaks (D:8)
  2 steam dragons (D:8)
  A water moccasin (D:7)
  A black bear (D:8)
  A necrophage (D:6)
  2 centaurs
  2 howler monkeys (D:7)
  A hound (D:5)
  A gnoll shaman (D:4)
  2 jellies
  An iguana (D:7)
  3 adders
  5 gnolls (D:4)
  A shadow imp (D:6)
  A dart slug (D:2)
  4 orcs
  A bat (D:2)
  3 giant cockroaches
  A hobgoblin (D:2)
  A quokka (D:2)
  2 ball pythons (D:3)
42 creatures vanquished.

Notes
Turn   | Place    | Note
-------+----------+-------------------------------------------
     0 | Abyss:1  | nxtlvl the Troll Abyssal Knight began the quest for the
                  | Orb.
     0 | Abyss:1  | Reached XP level 1. HP: 22/22 MP: 1/1
     3 | D:1      | Escaped the Abyss
    63 | D:2      | Reached XP level 2. HP: 25/29 MP: 2/2
    65 | D:2      | Reached skill level 3 in Unarmed Combat
   123 | D:3      | Reached XP level 3. HP: 22/36 MP: 3/3
   128 | D:4      | Reached skill level 4 in Unarmed Combat
   150 | D:4      | Reached XP level 4. HP: 40/44 MP: 4/4
   169 | D:4      | Reached skill level 5 in Unarmed Combat
   177 | D:4      | Reached XP level 5. HP: 38/50 MP: 5/5
   225 | D:5      | Entered Level 5 of the Dungeon
   296 | D:6      | Noticed a centaur
   301 | D:6      | Killed a centaur
   302 | D:6      | Reached skill level 6 in Unarmed Combat
   343 | D:6      | Noticed a necrophage
   344 | D:6      | Reached XP level 6. HP: 57/59 MP: 6/6
   353 | D:6      | Reached ** piety under Lugonu
   385 | D:7      | Reached skill level 7 in Unarmed Combat
   407 | D:7      | Identified the +1 robe of the Mantidfly {Rampage Dex+4}
   445 | D:7      | Noticed a water moccasin
   465 | D:7      | Killed a water moccasin
   466 | D:7      | Reached skill level 8 in Unarmed Combat
   466 | D:7      | Reached XP level 7. HP: 38/66 MP: 7/7
   470 | D:7      | Found a sparkling altar of Nemelex Xobeh.
   518 | D:8      | Noticed a steam dragon
   529 | D:8      | Killed a steam dragon
   547 | D:8      | Noticed a steam dragon
   558 | D:8      | Killed a steam dragon
   559 | D:8      | Reached skill level 9 in Unarmed Combat
   564 | D:8      | Reached XP level 8. HP: 43/74 MP: 8/8
   629 | D:8      | Reached skill level 10 in Unarmed Combat
   646 | D:8      | Reached skill level 11 in Unarmed Combat
   671 | D:8      | Noticed a two-headed ogre
   680 | D:8      | Demolished by a two-headed ogre

Illustrated notes

Levels and vault maps discovered:
D:1:      eino_arrival_tree_alley, layout_basic,
          hellmonk_ecumenical_altar_arch_garden
D:2:      layout_loops_ring, serial_shops, nicolae_shop_trees, minmay_vboxes,
          uniq_crazy_yiuf_cottage
D:3:      layout_basic, old_standard_altar, nicolae_hepliaklqana_hippocampus,
          mainiacjoe_overflow_catwalk, gammafunk_ghost_smash, uniq_terence
D:4:      layout_cave_pods, minmay_temple_entry_nine_rooms, uniq_sigmund
D:5:      layout_cave_pods
D:6:      layout_basic, nicolae_yredelemnul_ghost_church, gammafunk_ghost_split
D:7:      layout_rooms, mainiacjoe_overflow_small_starburst,
          mainiacjoe_overflow_alcove_4
D:8:      layout_basic, nicolae_gozag_zags_fifth_avenue, sigmund_army
D:9:      layout_rooms, grunt_lair_entry_orc_guard_hut, serial_shops,
          nicolae_square_shop, uniq_harold

Skill      XL: |  1  2  3  4  5  6  7  8 |
---------------+-------------------------+-----
Unarmed Combat | 3 4 5 6 8 9 11 | 11.5
Fighting       | |  2.4
Dodging        | |  1.9
Invocations    | |  1.5

Action                   |  1- 3 |  4- 6 |  7- 9 || total
-------------------------+-------+-------+-------++-------
Melee: Unarmed           |    33 |    75 |    53 ||   161
       Punch             |     1 |       |     4 ||     5
Throw: Dart              |       |       |     1 ||     1
 Stab: Sleeping          |     1 |       |       ||     1
Armor: Robe              |    15 |    24 |     7 ||    46
Dodge: Dodged            |    11 |    33 |    19 ||    63
